 Dungeon Crawl Stone Soup version 0.25.1-2-g60ff931df9 (webtiles) character file.

Game seed: 4085310315020102416

269 growler the Ruffian (level 6, -3/62 HPs)
             Began as a Troll Monk on Oct 12, 2020.
             Killed by divine providence
             ... invoked by an orc priest
              (17 damage)
             ... on level 3 of the Dungeon on Oct 13, 2020.
             The game lasted 00:07:05 (2311 turns).

growler the Ruffian (Troll Monk)                    Turns: 2311, Time: 00:07:06

Health: -3/62      AC:  7    Str: 22    XL:     6   Next: 1%
Magic:  5/5        EV: 11    Int:  6    God:
Gold:   121        SH:  0    Dex: 18    Spells: 5/5 levels left

rFire    . . .     SeeInvis .     - Unarmed
rCold    . . .     Gourm    +   (no shield)
rNeg     . . .     Faith    .   a - +0 robe
rPois    .         Spirit   .   (helmet restricted)
rElec    .         Reflect  .   t - +0 cloak
rCorr    .         Harm     .   (gloves unavailable)
MR       .....                  (boots unavailable)
Stlth    ++........             (no amulet)
HPRegen  0.60/turn              b - +6 ring of dexterity
MPRegen  0.09/turn              (no ring)

@: no status effects
A: large, unfitting armour, claws 3, fast metabolism 3, gourmand, regeneration
1, shaggy fur 1, tough skin 3
a: no special abilities


You were on level 3 of the Dungeon.
You were completely stuffed.

You visited 1 branch of the dungeon, and saw 3 of its levels.

You collected 121 gold pieces.

Inventory:

Armour
 a - a +0 robe (worn)
 t - a +0 cloak (worn)
   (You found it on level 3 of the Dungeon)
Jewellery
 b - a +6 ring of dexterity (left claw)
   (You found it on level 1 of the Dungeon)
 m - a +4 ring of protection {unknown}
   (You found it on level 2 of the Dungeon)
Scrolls
 c - a scroll of amnesia {unknown}
 f - 3 scrolls of teleportation {unknown}
 g - a scroll of magic mapping {unknown}
 l - a scroll of identify {unknown}
 p - a scroll of blinking {unknown}
 q - a scroll of enchant armour {unknown}
Potions
 d - a potion of curing {unknown}
 h - 3 potions of cancellation {unknown}
 i - a potion of heal wounds {unknown}
 j - a potion of resistance {unknown}
 k - a potion of stabbing {unknown}
 o - a potion of flight {unknown}
 r - a potion of magic {unknown}
 s - a potion of might {unknown}
Comestibles
 e - 7 rations {!d}
 n - 3 chunks of flesh


   Skills:
 + Level 4.3 Fighting
 - Level 2.4 Dodging
 - Level 1.0 Stealth
 + Level 5.2 Unarmed Combat


You had 5 spell levels left.
You didn't know any spells.
Your spell library was empty.

Dungeon Overview and Level Annotations

Branches:
Dungeon (3/15)

Altars:
Gozag
Wu Jian


Innate Abilities, Weirdness & Mutations

You are too large for most types of armour.
You have claws for hands.
Your metabolism is lightning-fast.
You like to eat raw meat.
Your natural rate of healing is unusually fast.
You are covered in fur. (AC +1)
You have extremely tough skin. (AC +3)


Message History

You scratch the orc but do no damage.
The orc priest calls down the wrath of Beogh upon you.
Beogh smites you!
You barely miss the orc. The orc hits you.
You scratch the orc.
An orc wizard comes into view. It is wielding a +0 dagger.
The orc hits you but does no damage.
You claw the orc!
You kill the orc!
The orc hits you but does no damage.
Things that are here:
a +0 scale mail; an orc corpse You scratch the orc.
You kill the orc!
The orc priest casts a cantrip, but nothing happens.
The orc priest misses you.
The orc priest hits you but does no damage.
Things that are here:
a +0 club; a +0 leather armour You scratch the orc priest.
The orc priest hits you.
The orc priest hits you from afar with a +0 trident.
You scratch the orc priest.
The orc priest mumbles some strange prayers to Beogh against you.
Pain shoots through your body!
* * * LOW HITPOINT WARNING * * *
The orc priest calls upon Beogh to heal the orc priest.
The orc priest's wounds heal themselves!
You scratch the orc priest but do no damage.
The orc priest calls down the wrath of Beogh upon you.
Beogh smites you!
* * * LOW HITPOINT WARNING * * *
You claw the orc priest! The orc priest misses you. The orc priest hits you.
* * * LOW HITPOINT WARNING * * *
You claw the orc priest!
You kill the orc priest!
You have reached level 6!
Your experience leads to an increase in your attributes!
Your base attributes are Str 20, Int 6, Dex 12.
Increase (S)trength, (I)ntelligence, or (D)exterity?
You feel stronger. x2
The orc priest hits you from afar with a +0 trident.
* * * LOW HITPOINT WARNING * * *
The orc priest closely misses you.
There is a stone staircase leading up, spattered with blood here.
Things that are here:
a cursed +0 leather armour; an orc corpse You completely miss the orc priest.
The orc priest mumbles some strange prayers to Beogh against you.
Beogh smites you!
You die...

###....................รท....###
#.######...###########....#
###########.## #....#
........#...# ##.#.#
.#...#..##### #.#.# ....).._#
#### #.#.# .#...#..# #o. ..#.#
........# #o# ###.#### #########
#@# #....# ###.# #.# #)# ####.#
....# #.# #[# #.# ##### #.# ##.#
#.# #.# #..# #.# #.# #.## #.#
###.# #?# #.# #...# #.# #.#
#.### #.# #.#


You could see an orc priest and an orc wizard.

Vanquished Creatures
  A phantom (D:3)
  An orc priest (D:3)
  Robin (D:2)
  An adder (D:2)
  A worm (D:3)
  4 dart slugs (D:1)
  4 leopard geckos
  14 orcs (D:3)
  8 bats
  3 giant cockroaches
  13 goblins
  14 hobgoblins
  6 jackals (D:1)
  6 kobolds
  2 quokkas
  3 ball pythons
  2 frilled lizards (D:1)
  13 rats
97 creatures vanquished.

Notes
Turn   | Place    | Note
-------+----------+-------------------------------------------
     0 | D:1      | growler the Troll Monk began the quest for the Orb.
     0 | D:1      | Reached XP level 1. HP: 22/22 MP: 0/0
   108 | D:1      | Reached XP level 2. HP: 29/29 MP: 1/1
   407 | D:1      | Reached XP level 3. HP: 37/37 MP: 2/2
  1056 | D:2      | Reached skill level 4 in Unarmed Combat
  1147 | D:2      | Reached XP level 4. HP: 43/45 MP: 3/3
  1153 | D:2      | Noticed Robin
  1165 | D:2      | Killed Robin
  1887 | D:3      | Reached XP level 5. HP: 46/54 MP: 4/4
  1991 | D:3      | Found an opulent altar of Gozag.
  2064 | D:3      | Noticed a phantom
  2072 | D:3      | Killed a phantom
  2072 | D:3      | Reached skill level 5 in Unarmed Combat
  2106 | D:3      | Found an ornate altar of the Wu Jian Council.
  2309 | D:3      | Reached XP level 6. HP: 16/62 MP: 5/5
  2311 | D:3      | Killed from afar by an orc priest

Illustrated notes

Levels and vault maps discovered:
D:1:      onia_arrival_handbag, layout_loops_corners
D:2:      layout_rooms, uniq_robin
D:3:      layout_loops_ring, lemuel_coloured_pillars_altar,
          nicolae_overflow_crystal_walls, first_ration, minivault_24

Skill      XL: |  1  2  3  4  5 |
---------------+----------------+-----
Fighting       | 3 4 |  4.3
Unarmed Combat | 4 5 |  5.2
Dodging        | |  2.4
Stealth        | |  1.0

Action                   |  1- 3 |  4- 6 || total
-------------------------+-------+-------++-------
Melee: Unarmed           |   110 |   120 ||   230
       Punch             |       |     2 ||     2
 Stab: Sleeping          |     6 |     2 ||     8
  Eat: Chunk             |    16 |    11 ||    27
Armor: Robe              |    38 |    33 ||    71
Dodge: Dodged            |    62 |    80 ||   142
